 Dungeon Crawl Stone Soup version 0.27.1-3-gb3d3a73c9e (webtiles) character file.

Game seed: 12629347160534605341

3255 DearestLeader the Fighter (level 10, -24/85 HPs)
             Began as a Gnoll Wanderer on Oct 13, 2021.
             Was a Believer of Okawaru.
             Annihilated by an orc warrior (28 damage)
             ... on level 11 of the Dungeon.
             The game lasted 00:16:42 (9319 turns).

DearestLeader the Fighter (Gnoll Wanderer)          Turns: 9319, Time: 00:16:42

Health: -24/85     AC: 16    Str: 13    XL:     10   Next: 0%
Magic:  17/17      EV:  7    Int: 13    God:    Okawaru [**....]
Gold:   437        SH:  0    Dex: 12    Spells: 18/18 levels left

rFire    + . .     SeeInvis .   z - +2 whip (venom)
rCold    + . .     Faith    .   (no shield)
rNeg     + . .     Spirit   .   C - +3 chain mail
rPois    +         Reflect  .   o - +0 helmet
rElec    +         Harm     .   (no cloak)
rCorr    +         Rampage  .   k - +0 pair of gloves
Will     .....                  (no boots)
Stlth    ..........             (no amulet)
HPRegen  0.24/turn              y - ring of positive energy
MPRegen  0.15/turn              (no ring)

@: brilliant, resistant
A: fangs 1, strong nose, distributed training
a: Renounce Religion, Heroism


You were on level 11 of the Dungeon.
You worshipped Okawaru.
Okawaru was pleased with you.
You visited 1 branch of the dungeon, and saw 9 of its levels.
You also visited: Sewer.

You collected 437 gold pieces.

Inventory:

Hand Weapons
 a - a +0 hand crossbow of flaming
 g - a +1 vorpal dire flail
 i - a +0 vorpal war axe
 j - a +0 long sword
 m - a +5 whip of flaming
 z - a +2 whip of venom (weapon)
 F - a +2 vorpal falchion
Missiles
 d - 22 bolts
 e - 4 atropa-tipped darts
 h - 8 curare-tipped darts (quivered)
 x - 97 arrows
Armour
 c - a +3 scale mail
 k - a +0 pair of gloves (worn)
 o - a +0 helmet (worn)
 p - a +1 robe of willpower
 q - +0 acid dragon scales
 B - the +2 robe "Obapej" {Archmagi}
   (You found it on level 7 of the Dungeon)

   Archmagi:  It increases the power of your magical spells.
 C - a +3 chain mail (worn)
 E - the +2 robe of Defiance {Fly Will+ Int+5}
   (You found it on level 8 of the Dungeon)

   Int:       It affects your intelligence (+5).
   Fly:       It grants you flight.
   Will:      It increases your willpower.
Jewellery
 b - a ring of ice
 y - a ring of positive energy (left hand)
Wands
 f - a wand of flame (9)
 l - a wand of charming (11)
 r - a wand of polymorph (6)
 s - a wand of digging (5)
 v - a wand of acid (19)
 A - a wand of paralysis (11)
Scrolls
 u - a scroll of identify
 D - a scroll of brand weapon
Potions
 n - a potion of cancellation


   Skills:
 + Level 9.8 Fighting
 + Level 4.7 Short Blades
 + Level 4.7 Long Blades
 + Level 4.7 Axes
 + Level 4.7 Maces & Flails
 + Level 4.7 Polearms
 + Level 4.7 Staves
 + Level 4.7 Slings
 + Level 4.7 Bows
 + Level 6.7 Crossbows
 + Level 4.7 Throwing
 + Level 6.7 Armour
 + Level 4.7 Dodging
 + Level 5.4 Stealth
 + Level 5.5 Shields
 + Level 4.7 Unarmed Combat
 + Level 4.7 Spellcasting
 + Level 3.9 Conjurations
 + Level 3.9 Hexes
 + Level 3.9 Summonings
 + Level 3.9 Necromancy
 + Level 3.9 Translocations
 + Level 3.9 Transmutations
 + Level 3.9 Fire Magic
 + Level 3.9 Ice Magic
 + Level 3.9 Air Magic
 + Level 3.9 Earth Magic
 + Level 3.9 Poison Magic
 + Level 5.2 Invocations
 + Level 4.7 Evocations


You had 18 spell levels left.
You didn't know any spells.
Your spell library contained the following spells:

 Spells                   Type           Power      Damage    Failure   Level
 Apportation              Tloc           40%        N/A       63%         1
 Alistair's Intoxication  Tmut/Pois      13%        N/A       100%        5
 Invisibility             Hex            10%        N/A       100%        6


Dungeon Overview and Level Annotations

Branches:
Dungeon (8/15)             Temple (0/1) D:5           Sewer (visited)
   Lair: D:8-11

Altars:
Kikubaaqudgha
Okawaru
Qazlal
Ru
Trog
Zin
The Shining One

Shops:
D:2 =   D:7 *

Annotations:
D:3 Natasha
D:6 Blork the orc


Innate Abilities, Weirdness & Mutations

You have very sharp teeth.
Your uncanny sense of smell can sniff out nearby items.
Your experience applies equally to all skills.


Message History

The orc knight is moderately wounded.
The orc knight completely misses you.
You hit the orc knight.
The orc knight is moderately wounded.
The orc warrior hits you but does no damage.
The orc knight completely misses you.
You hit the orc knight but do no damage.
The orc knight looks as sick as possible!
The orc knight is moderately wounded.
The orc warrior hits you but does no damage.
The orc knight hits you with a +0 battleaxe.
You hit the orc knight but do no damage.
The orc knight looks as sick as possible!
The orc knight is moderately wounded.
The orc warrior barely misses you.
The orc knight roars a battlecry!
The orc warriors go into a battle-frenzy!
You closely miss the orc knight.
The orc knight is heavily wounded.
The orc warrior barely misses you.
The orc knight hits you but does no damage.
You hit the orc knight.
The orc knight looks as sick as possible!
The orc knight is heavily wounded.
The orc warrior hits you with a +0 war axe!
You hit the orc knight but do no damage.
The orc knight looks as sick as possible!
The orc knight is heavily wounded.
The orc knight hits you with a +0 battleaxe.
* * * LOW HITPOINT WARNING * * *
You hit the orc knight.
The orc knight looks as sick as possible!
The orc knight is heavily wounded.
The orc warrior hits you with a +0 war axe!
* * * LOW HITPOINT WARNING * * *
The orc knight hits you with a +0 battleaxe!
* * * LOW HITPOINT WARNING * * *
You feel protected.
The orc warrior hits you with a +0 war axe!!
You die...

#.......#
#.......#
######'##
#.# #.#
#.# #.#
#o# #@#
#o# .o#
...#
#####


You could see an orc knight (extremely poisoned) and 2 orc warriors.

Vanquished Creatures
  Maggie (D:7)
  Sigmund (D:2)
  A wyvern (D:7)
  A steam dragon (D:7)
  A water moccasin (D:6)
  3 orc warriors
  A black bear (D:7)
  A sky beast (D:5)
  2 necrophages
  An ogre (D:4)
  A centaur (D:6)
  A phantom (D:5)
  3 kobold brigands
  2 bullfrogs (Sewer)
  A wyvern zombie (D:8)
  3 scorpions
  6 killer bees (D:7)
  An electric eel (D:7)
  A howler monkey (D:6)
  A bullfrog zombie (D:6)
  A hound (D:5)
  A jelly (D:5)
  A centaur zombie (D:7)
  3 orc priests
  5 centaur skeletons
  2 iguanas
  Natasha (D:3)
  4 orc wizards
  A howler monkey zombie (D:7)
  3 gnolls (D:7)
  8 adders
  A white imp (D:8)
  An ufetubus (D:5)
  3 worms
  A dart slug (D:2)
  16 orcs
  A bat (D:1)
  4 endoplasms
  9 giant cockroaches
  4 goblins
  3 hobgoblins
  16 kobolds
  6 quokkas
  8 ball pythons
  7 frilled lizards
  5 rats (D:2)
148 creatures vanquished.

Notes
Turn   | Place    | Note
-------+----------+-------------------------------------------
     0 | D:1      | DearestLeader the Gnoll Wanderer began the quest for the
                  | Orb.
     0 | D:1      | DearestLeader set off with the following items: a +0 hand
                  | crossbow, a potion of curing, a +2 scale mail, 23 bolts
     0 | D:1      | Reached XP level 1. HP: 26/26 MP: 1/1
   427 | D:1      | Reached XP level 2. HP: 33/33 MP: 2/2
   987 | D:2      | Noticed Sigmund
  1285 | D:3      | Noticed Natasha
  1286 | D:3      | Noticed a crimson imp
  1294 | D:3      | Noticed a crimson imp
  1301 | D:3      | Reached skill level 1 in Invocations
  1301 | D:3      | Reached XP level 3. HP: 38/38 MP: 2/4
  1312 | D:3      | Killed Natasha
  1313 | D:3      | Reached skill level 1 in Short Blades
  1313 | D:3      | Reached skill level 1 in Long Blades
  1313 | D:3      | Reached skill level 1 in Axes
  1313 | D:3      | Reached skill level 1 in Maces & Flails
  1313 | D:3      | Reached skill level 1 in Polearms
  1313 | D:3      | Reached skill level 1 in Staves
  1313 | D:3      | Reached skill level 1 in Slings
  1313 | D:3      | Reached skill level 1 in Bows
  1313 | D:3      | Reached skill level 1 in Throwing
  1313 | D:3      | Reached skill level 1 in Dodging
  1313 | D:3      | Reached skill level 1 in Unarmed Combat
  1313 | D:3      | Reached skill level 1 in Spellcasting
  1313 | D:3      | Reached skill level 1 in Evocations
  1313 | D:3      | Reached XP level 4. HP: 11/45 MP: 5/5
  1320 | D:3      | Noticed Natasha
  1656 | D:2      | Found a faded altar of an unknown god.
  1884 | D:2      | Found Abbungag's Jewellery Shop.
  2207 | D:2      | Killed Sigmund
  2208 | D:2      | Reached skill level 1 in Conjurations
  2208 | D:2      | Reached skill level 1 in Hexes
  2208 | D:2      | Reached skill level 1 in Summonings
  2208 | D:2      | Reached skill level 1 in Necromancy
  2208 | D:2      | Reached skill level 1 in Translocations
  2208 | D:2      | Reached skill level 1 in Transmutations
  2208 | D:2      | Reached skill level 1 in Fire Magic
  2208 | D:2      | Reached skill level 1 in Ice Magic
  2208 | D:2      | Reached skill level 1 in Air Magic
  2208 | D:2      | Reached skill level 1 in Earth Magic
  2208 | D:2      | Reached skill level 1 in Poison Magic
  2208 | D:2      | Reached XP level 5. HP: 27/51 MP: 5/7
  2208 | D:2      | Reached XP level 6. HP: 30/57 MP: 5/8
  2431 | D:4      | Reached skill level 5 in Crossbows
  2431 | D:4      | Reached skill level 5 in Armour
  2583 | D:4      | Found a glowing drain.
  2598 | Sewer    | Entered a sewer
  2882 | Sewer    | Reached XP level 7. HP: 3/63 MP: 10/10
  3574 | D:4      | Found a bloodstained altar of Trog.
  3865 | D:5      | Entered Level 5 of the Dungeon
  3930 | D:5      | Found a glowing silver altar of Zin.
  3966 | D:5      | Reached skill level 9 in Fighting
  4032 | D:5      | Found an iron altar of Okawaru.
  4040 | D:5      | Found an ancient bone altar of Kikubaaqudgha.
  4051 | D:5      | Reached XP level 8. HP: 70/71 MP: 12/12
  4053 | D:5      | Became a worshipper of Warmaster Okawaru
  4176 | D:5      | Found a staircase to the Ecumenical Temple.
  4227 | D:5      | Found a glowing golden altar of the Shining One.
  4302 | D:5      | Identified the +3 leather armour of the Slorg {Rampage}
  4859 | D:5      | Reached * piety under Okawaru
  5226 | D:6      | Noticed Blork the orc
  5740 | D:7      | Noticed a wyvern
  5752 | D:7      | Killed a wyvern
  5822 | D:7      | Reached XP level 9. HP: 76/76 MP: 14/14
  5943 | D:7      | Reached ** piety under Okawaru
  6376 | D:7      | Found Wptooheq's Whimsical Warehouse.
  7128 | D:7      | Noticed Maggie
  7149 | D:7      | HP: 3/77 [Maggie/bolt of fire (22)]
  7154 | D:7      | Killed Maggie
  7155 | D:7      | Reached skill level 5 in Shields
  7490 | D:7      | Identified the +2 robe "Obapej" {Archmagi}
  7575 | D:7      | Reached skill level 5 in Stealth
  7918 | D:7      | Reached skill level 5 in Invocations
  8753 | D:8      | Identified the +2 robe of Defiance {Fly Will+ Int+5}
  8989 | D:8      | Found a sacrificial altar of Ru.
  8989 | D:8      | Found a stormy altar of Qazlal.
  9131 | D:8      | Reached XP level 10. HP: 76/85 MP: 17/17
  9269 | D:8      | You fall into a shaft and drop 3 floors!
  9294 | D:11     | Noticed an orc knight
  9318 | D:11     | HP: 4/85 [orc knight (11)]
  9319 | D:11     | Annihilated by an orc warrior

Illustrated notes

Levels and vault maps discovered:
D:1:      amcnicky_arrival_blooded_trapdoor, layout_loops_cross,
          corexii_corridor_pit, serial_park_tiny_2, grunt_decor_fettered
D:2:      minmay_inner_zag, layout_basic, ebering_ecumenical_altar_hall,
          serial_shops, nicolae_shop_waterfront, uniq_sigmund
D:3:      layout_basic, corexii_shack, uniq_natasha
D:4:      layout_cave_pools, mainiacjoe_overflow_catwalk, portal_sewer_entry_f
D:5:      layout_loops_ring, mainiacjoe_overflow_brackets,
          grunt_temple_overflow_open, tso_oasis_becter,
          minmay_temple_entry_from_below_b
D:6:      layout_rooms, kennysheep_donut, uniq_blork_the_orc
D:7:      layout_loops_ring, minmay_fountain_box, nicolae_alphabet_shops,
          kennysheep_pointless_box, uniq_maggie
D:8:      minmay_gate_of_8, layout_basic, gammafunk_temple_overflow_wave,
          minmay_misc_feat_columns
D:11:     cheibrodos_orc_bank, layout_basic, dpeg_lair_monsters, uniq_grum

Skill      XL: |  1  2  3  4  5  6  7  8  9 |
---------------+----------------------------+-----
Invocations    | 1 2 3 4 5 |  5.2
Short Blades   | 1 2 3 4 |  4.7
Long Blades    | 1 2 3 4 |  4.7
Axes           | 1 2 3 4 |  4.7
Maces & Flails | 1 2 3 4 |  4.7
Polearms       | 1 2 3 4 |  4.7
Staves         | 1 2 3 4 |  4.7
Slings         | 1 2 3 4 |  4.7
Bows           | 1 2 3 4 |  4.7
Throwing       | 1 2 3 4 |  4.7
Dodging        | 1 2 3 4 |  4.7
Unarmed Combat | 1 2 3 4 |  4.7
Spellcasting   | 1 2 3 4 |  4.7
Evocations     | 1 2 3 4 |  4.7
Stealth        | 3 4 5 |  5.4
Shields        | 3 4 5 |  5.5
Conjurations   | 1 2 3 |  3.9
Hexes          | 1 2 3 |  3.9
Summonings     | 1 2 3 |  3.9
Necromancy     | 1 2 3 |  3.9
Translocations | 1 2 3 |  3.9
Transmutations | 1 2 3 |  3.9
Fire Magic     | 1 2 3 |  3.9
Ice Magic      | 1 2 3 |  3.9
Air Magic      | 1 2 3 |  3.9
Earth Magic    | 1 2 3 |  3.9
Poison Magic   | 1 2 3 |  3.9
Crossbows      | 5 6 |  6.7
Armour         | 5 6 |  6.7
Fighting       | 9 |  9.8

Action                   |  1- 3 |  4- 6 |  7- 9 | 10-12 || total
-------------------------+-------+-------+-------+-------++-------
Melee: Long sword        |    18 |    93 |    17 |       ||   128
       Bite              |       |     3 |    28 |       ||    31
       Whip              |       |       |   363 |    14 ||   377
       Punch             |       |       |     8 |       ||     8
 Fire: Hand crossbow     |    54 |    62 |    33 |       ||   149
Throw: Dart              |       |       |     5 |       ||     5
Invok: Heroism           |       |       |     4 |       ||     4
  Use: Scroll            |       |     5 |     5 |       ||    10
       Potion            |       |     3 |     6 |     2 ||    11
 Stab: Sleeping          |       |       |     2 |       ||     2
Armor: Scale mail        |    34 |    83 |   180 |       ||   297
       Acid dragon scale |       |       |    45 |       ||    45
       Chain mail        |       |       |    41 |     9 ||    50
Dodge: Dodged            |    21 |    81 |   224 |     6 ||   332
       Rpst.: Long sword |     3 |    11 |     5 |       ||    19
